Map: Acid Plant LE

Players

RazerBlader - Winner!

  • Race: Terran Terran
  • Spawn Location: 5:00

TheGiantNome

  • Race: Zerg Zerg
  • League: Master
  • Spawn Location: 11:00

VOD

Have the link to the VOD?

Description

Time

  • Played on: May 27, 2018, 4:15 p.m.
  • Length: 10:22
Show
View Real Time Build Order
Export as new Build Order

RazerBlader Terran - Winner!

Build Orders: Reaper Expand, Bio Tank, Hellion Banshee 

Get SALT Encoding   

  12  0:01  SCV  
  13  0:13  SCV  
  14  0:17  Supply Depot  
  14  0:25  SCV  
  15  0:39  SCV  
  15  0:40  Barracks  
  16  0:45  Refinery  
  16  0:51  SCV  
  17  1:03  SCV  
  18  1:15  SCV  
  19  1:27  Orbital Command  
  19  1:28  Reaper  
  20  1:40  Command Center  
  20  1:48  Supply Depot  
  20  1:53  SCV  
  21  2:00  Marine  
  22  2:05  SCV  
  23  2:12  Refinery, Factory  
  23  2:17  SCV  
  23  2:22  Barracks Reactor  
  24  2:29  SCV  
  25  2:42  SCV  
  26  2:52  Orbital Command  
  26  2:54  SCV  
  26  2:57  Starport  
  27  3:03  Hellion x2  
  27  3:05  Barracks Tech Lab  
  31  3:06  SCV  
  32  3:15  Supply Depot  
  32  3:18  SCV  
  32  3:19  SCV  
  34  3:24  Hellion  
  34  3:25  Hellion  
  38  3:30  SCV  
  38  3:31  SCV  
  40  3:39  Barracks Tech Lab  
  40  3:40  Supply Depot  
  40  3:41  Viking  
  40  3:42  SCV  
  40  3:43  SCV  
  40  3:44  Cloaking Field  
  46  3:48  Hellion  
  46  3:55  Hellion  
  48  3:58  SCV  
  48  3:59  SCV  
  48  4:01  Stimpack  
  50  4:11  SCV  
  50  4:14  Banshee  
  55  4:17  SCV  
  55  4:26  SCV  
  55  4:30  Command Center  
  56  4:33  Supply Depot  
  56  4:34  Marine  
  56  4:36  SCV  
  58  4:40  Barracks  
  58  4:45  Barracks  
  58  4:46  Factory Reactor  
  58  4:48  SCV  
  59  4:57  Banshee  
  62  5:01  SCV x2  
  62  5:05  Marine  
  65  5:07  Engineering Bay  
  65  5:09  Engineering Bay  
  65  5:10  Refinery, Supply Depot  
  65  5:11  Refinery  
  65  5:14  SCV  
  64  5:25  SCV  
  54  5:29  Marine, SCV  
  56  5:37  Terran Infantry Weapons Level 1, Barracks, SCV, Terran Infantry Armor Level 1  
  56  5:39  Barracks  
  60  5:45  Orbital Command  
  60  5:46  Marine  
  60  5:47  SCV  
  60  5:49  Starport Reactor  
  60  5:50  SCV  
  60  5:57  Marine x3  
  60  5:58  Siege Tank  
  60  5:59  SCV  
  60  6:02  SCV  
  60  6:03  Marine, Combat Shields  
  69  6:04  Marine  
  69  6:11  Orbital Command, SCV  
  71  6:13  Supply Depot  
  71  6:14  Marine, SCV  
  73  6:24  Marine, SCV  
  73  6:25  Barracks Reactor x2, Marine  
  73  6:26  SCV  
  73  6:31  Marine x2  
  73  6:32  Marine, Siege Tank  
  80  6:36  SCV  
  80  6:37  Supply Depot  
  80  6:38  SCV  
  80  6:39  Supply Depot  
  82  6:41  SCV  
  82  6:42  Marine x2  
  82  6:45  Medivac  
  87  6:49  Medivac, Marine x2  
  87  6:51  SCV x2  
  87  6:52  Marine  
  94  6:57  Armory  
  94  6:58  SCV  
  94  7:00  Marine  
  96  7:06  Supply Depot  
  96  7:09  Marine x5  
  96  7:10  Marine x3  
  96  7:12  Siege Tank  
  96  7:14  SCV x2  
  109  7:18  Marine, SCV  
  109  7:21  Refinery  
  111  7:25  Supply Depot  
  111  7:26  Medivac  
  111  7:27  Medivac, Marine x6  
  111  7:28  Marine  
  111  7:29  SCV  
  123  7:33  Refinery  
  123  7:36  Marine  
  124  7:37  Factory  
  124  7:38  Supply Depot  
  124  7:39  Marine  
  124  7:44  Terran Infantry Weapons Level 2  
  125  7:47  Marine x3, SCV  
  125  7:49  Marine x2  
  125  7:50  Supply Depot  
  131  7:51  Marine x2  
  133  7:59  Marine  
  135  8:06  Marine x2, Siege Tank  
  135  8:07  Marine  
  135  8:11  Marine, SCV  
  142  8:27  Supply Depot, Command Center  
  141  8:28  Marine  
  141  8:29  Marine x2  
  141  8:30  Medivac  
  141  8:31  Medivac, Marine  
  149  8:38  Siege Tank  
  149  8:39  Marine x3  
  149  8:40  Marine x2  
  130  8:46  Marine x2  
  130  8:47  Marine, Factory Tech Lab  
  121  8:49  Marine  
  119  8:57  Marine x4  
  119  8:58  Marine  
  119  9:00  Medivac  
  126  9:04  Marine x3  
  126  9:07  Marine, Siege Tank  
  133  9:15  Marine x4, Siege Tank  
  133  9:16  Marine  
  141  9:17  Medivac  
  141  9:20  Supply Depot  
  141  9:22  Marine x3  
  146  9:24  Marine  
  143  9:34  Marine x3  
  131  9:39  Marine x2, Siege Tank  
  131  9:40  Medivac, Marine  
  131  9:43  Marine  
  135  9:47  Marine x2  
  135  9:52  Marine x3  
  135  9:56  Marine x2  
  135  9:57  Marine  
  138  10:01  Marine  
Show
View Real Time Build Order
Export as new Build Order

TheGiantNome Zerg 

Build Orders: Hatch First 

Get SALT Encoding   

  12  0:00  Drone  
  13  0:13  Overlord  
  13  0:17  Drone  
  14  0:32  Drone x2  
  16  0:38  Drone  
  17  0:52  Hatchery  
  17  0:55  Drone  
  17  0:58  Drone  
  18  1:11  Extractor  
  17  1:14  Spawning Pool  
  17  1:17  Drone  
  17  1:21  Drone  
  18  1:28  Drone  
  19  1:39  Drone  
  20  1:51  Overlord  
  20  2:01  Queen  
  20  2:03  Queen  
  20  2:04  Zergling x2  
  20  2:05  Zergling x2  
  26  2:12  Drone  
  26  2:14  Drone  
  28  2:26  Hatchery  
  27  2:35  Drone x2  
  29  2:43  Drone x2, Metabolic Boost  
  30  2:47  Queen  
  32  2:52  Overlord  
  32  2:55  Drone  
  33  2:59  Drone  
  33  3:00  Drone  
  35  3:06  Overlord  
  35  3:13  Drone x4  
  35  3:19  Overlord  
  39  3:23  Queen  
  41  3:29  Drone  
  41  3:30  Drone x2  
  44  3:38  Pneumatized Carapace  
  44  3:40  Queen  
  46  3:41  Drone  
  46  3:42  Drone  
  46  3:46  Zergling x4  
  46  3:48  Zergling x2  
  51  3:49  Zergling x2  
  51  3:56  Drone x3  
  51  4:01  Evolution Chamber  
  53  4:05  Zergling x2  
  53  4:06  Zergling x4  
  53  4:08  Drone x2  
  58  4:15  Lair  
  58  4:18  Extractor  
  58  4:22  Zergling x12  
  62  4:30  Drone x3  
  62  4:31  Drone  
  66  4:32  Overlord  
  66  4:36  Overlord  
  66  4:48  Overlord x2  
  66  4:55  Drone x3  
  66  4:57  Drone x2  
  71  5:04  Drone x3  
  71  5:06  Overlord x2  
  74  5:07  Drone x4  
  75  5:26  Drone x5  
  71  5:29  Spore Crawler  
  71  5:30  Spore Crawler, Overseer  
  71  5:33  Extractor  
  71  5:35  Extractor x2  
  67  5:37  Extractor  
  67  5:39  Drone  
  67  5:40  Drone x3  
  67  5:41  Zerg Ground Armor Level 1  
  69  5:44  Baneling Nest, Drone x2, Hydralisk Den  
  69  5:48  Hatchery  
  66  6:00  Drone x2  
  66  6:02  Drone  
  69  6:05  Drone  
  69  6:06  Drone  
  69  6:09  Overlord x2, Evolution Chamber  
  70  6:26  Drone x7  
  70  6:29  Centrifical Hooks, Muscular Augments  
  76  6:40  Drone  
  76  6:41  Zergling x14  
  76  6:42  Zergling x8  
  76  6:46  Burrow, Zerg Melee Weapons Level 1  
  88  6:51  Overlord x2  
  88  6:53  Drone  
  89  6:58  Hatchery  
  89  6:59  Queen  
  89  7:00  Hydralisk  
  89  7:01  Hydralisk  
  92  7:02  Baneling  
  92  7:03  Overlord, Baneling x7  
  92  7:05  Overlord  
  94  7:09  Overlord  
  94  7:10  Overlord  
  94  7:13  Hydralisk x4  
  94  7:15  Zergling x2  
  103  7:25  Zergling x2  
  103  7:26  Zergling x12  
  110  7:30  Drone  
  110  7:34  Drone  
  110  7:35  Drone x4  
  116  7:37  Drone x4  
  116  7:41  Zerg Ground Armor Level 2  
  116  7:43  Drone x2  
  122  7:47  Overlord x2  
  122  7:49  Drone x2  
  124  7:54  Grooved Spines  
  124  7:59  Baneling x4  
  124  8:02  Zergling x2  
  124  8:03  Zergling x16  
  133  8:07  Zergling x8  
  133  8:09  Queen  
  133  8:11  Extractor  
  133  8:12  Extractor  
  137  8:13  Zergling x10  
  137  8:15  Zergling x2  
  143  8:26  Zergling x12  
  143  8:27  Zergling x4  
  147  8:30  Overlord x2  
  122  8:41  Hydralisk  
  122  8:42  Hydralisk x9  
  121  8:48  Hydralisk  
  121  8:49  Hydralisk  
  121  8:54  Zergling x4  
  118  8:56  Baneling x4  
  118  8:57  Zergling x2  
  118  9:02  Zergling x2  
  118  9:04  Zergling x4  
  118  9:07  Zergling x2  
  116  9:17  Zergling x2  
  116  9:18  Zergling x6  
  116  9:20  Queen  
  122  9:24  Hatchery  
  122  9:27  Zergling x6  
  122  9:28  Hatchery, Baneling  
  122  9:29  Baneling  
  122  9:30  Baneling  
  120  9:38  Zergling x8  
  102  9:48  Zergling x8  
  102  9:51  Baneling x6  
  99  9:57  Zergling x10  
  99  9:58  Hydralisk  
  114  10:18  Hatchery  
Tags
 
Add a new tag
Caveats
  • Supply blocks, unpowered buildings, or Contaminate may cause inaccurate times.
  • Supply counts are checked every 10 seconds.